 Dungeon Crawl Stone Soup version 0.31-a0-1405-g2bb1a01664 (webtiles) character file.

Game seed: 6381157392965553028

9919 RepHenryClay the Cleaver (level 11, -3/84 (92) HPs)
             Began as a Naga Monk on Dec 25, 2023.
             Was a High Priest of Okawaru.
             Incinerated by a deep elf pyromancer (9 damage)
             ... with a pyre arrow
             ... on level 10 of the Dungeon.
             The game lasted 00:37:08 (11934 turns).

RepHenryClay the Cleaver (Naga Monk)               Turns: 11934, Time: 00:37:08

HP:   -3/84 (92)    AC: 18    Str: 18    XL:     11   Next: 54%
MP:   14/14         EV:  9    Int: 11    God:    Okawaru [*****.]
Gold: 586           SH:  0    Dex: 13    Spells: 10/10 levels left

rFire   . . .        a - +4 war axe
rCold   . . .        (no shield)
rNeg    . . .        g - +2 ring mail {Will+}
rPois   +            n - +2 helmet
rElec   .            f - +0 cloak
rCorr   .            j - +2 pair of gloves
SInv    +            (no barding)
Will    ++++.        (no amulet)
Stlth   +            e - ring of willpower
HPRegen 0.34/turn    m - ring of willpower
MPRegen 0.14/turn

%: no passive effects
@: on fire, hasted, glowing, drained, quick
A: AC +3, large, see invisible, deformed body, poison resistance, slowness 2,
spit poison 1, naga tail 1
a: Spit Poison, Renounce Religion, Heroism, Finesse, Duel


You were on level 10 of the Dungeon.
You worshipped Okawaru.
Okawaru was extremely pleased with you.
You visited 2 branches of the dungeon, and saw 11 of its levels.
You also visited: Sewer and Ossuary.

You collected 586 gold pieces.

Inventory:

Hand Weapons
 a - a +4 war axe (weapon)
 b - a +0 war axe of flaming
 l - the +2 hand axe of Dung {freeze, *Slow Fly MP+9 Dex-5}
   (You found it on level 2 of the Dungeon)

   Dex-5:     It affects your dexterity (-5).
   MP+9:      It affects your magic capacity (+9).
   Fly:       It grants you flight.
   *Slow:     It may slow you when you take damage.
 o - a +2 flail of protection
 M - a +1 hand axe of flaming
 P - a +0 mace of venom
Missiles
 y - 24 poisoned darts
 J - 6 curare-tipped darts (quivered)
Armour
 d - an orb of light
 f - a +0 cloak (worn)
 g - a +2 ring mail of willpower (worn)
 j - a +2 pair of gloves (worn)
 n - a +2 helmet (worn)
Jewellery
 e - a ring of willpower (left hand)
 h - a +6 ring of intelligence
 m - a ring of willpower (right hand)
 D - a ring of wizardry
Wands
 K - a wand of flame (22)
 L - a wand of acid (6)
Scrolls
 c - 3 scrolls of teleportation
 i - a scroll of fog
 p - 2 scrolls of immolation
 s - a scroll of enchant weapon
 u - 2 scrolls of revelation
 z - a scroll of amnesia
 B - a scroll of torment
 E - a scroll of vulnerability
 F - 2 scrolls of enchant armour
 I - a scroll of poison
Potions
 k - 3 potions of attraction
 q - a potion of brilliance
 t - 2 potions of lignification
 v - 3 potions of haste
 w - 3 potions of degeneration
 x - 2 potions of curing
 A - a potion of enlightenment
 C - 6 potions of might
 G - 2 potions of ambrosia
 N - 2 potions of resistance {unknown}
 O - a potion of mutation {unknown}


   Skills:
 + Level 4.1 Fighting
 * Level 14.0 Axes
 + Level 8.3 Armour
 - Level 2.4 Dodging
 - Level 5.0 Invocations


You had 10 spell levels left.
You didn't know any spells.
Your spell library contained the following spells:

 Spells                   Type           Power      Damage    Failure   Level
 Freeze                   Ice            0%         1d3       50%         1
 Ensorcelled Hibernation  Hex/Ice        0%         N/A       65%         2
 Passwall                 Alch/Erth      0%         N/A       65%         2
 Sublimation of Blood     Necr           0%         N/A       65%         2
 Dazzling Flash           Conj/Hex       0%         N/A       86%         3
 Frozen Ramparts          Ice            0%         1d1       86%         3
 Hailstorm                Conj/Ice       0%         3d5       86%         3
 Mephitic Cloud           Conj/Alch/Air  0%         N/A       86%         3
 Swiftness                Air            0%         N/A       86%         3
 Agony                    Necr           0%         N/A       100%        5
 Silence                  Hex/Air        0%         N/A       100%        5
 Call Imp                 Summ           Unusable   N/A       N/A         2
 Summon Hydra             Summ           Unusable   N/A       N/A         7

Dungeon Overview and Level Annotations

Branches:
Dungeon (10/15)            Temple (1/1) D:5            Lair (0/5) D:10
  Sewer (visited)         Ossuary (visited)
    Orc: D:9-12

Altars:
Ashenzari
Elyvilon
Fedhas
Gozag
Kikubaaqudgha
Makhleb
Nemelex Xobeh
Okawaru
Qazlal
Ru
Sif Muna
Trog
Uskayaw
Vehumet
Wu Jian
Xom
Yredelemnul
Zin
The Shining One

Shops:
D:3 :

Annotations:
D:6 3 runed translucent doors, bungle's ghost, weakling GnDe


Innate Abilities, Weirdness & Mutations

Your serpentine skin is tough. (AC +3)
You have supernaturally acute eyesight. (SInv)
Armour fits poorly on your strangely shaped body.
Your system is resistant to poisons. (rPois)
You cover ground very slowly.
You can spit poison.
You have a snake-like lower body.


Message History

The deep elf pyromancer hits you with a +1 long sword of draining.
* * * LOW HITPOINT WARNING * * *
You feel drained.
The deep elf pyromancer hits you but does no damage.
You feel drained.
Huge Dmg: -28%(-24hp) hp: 24%(20hp) Welcome back, RepHenryClay the Naga Monk.
Okawaru says: Bring me glory in combat!
Press ? for a list of commands and other information.
Okay, then.
Unknown command.
Throw: 7 darts (curare)
Press: ? - help, Q - select action, (/) - cycle Shift-Dir - straight line, f - deep elf pyromancer
Aim: a deep elf pyromancer, wielding a +1 long sword of draining and wearing a +0 leather armour (moderately wounded, 43% to hit)
You throw a curare-tipped dart.
The curare-tipped dart closely misses the deep elf pyromancer.
The liquid fire burns you!
* * * LOW HITPOINT WARNING * * *
The deep elf pyromancer hits you with a +1 long sword of draining.
* * * LOW HITPOINT WARNING * * *
You feel drained.
Huge Dmg: -16%(-14hp) hp: 8%(6hp) Welcome back, RepHenryClay the Naga Monk.
Okawaru says: Bring me glory in combat!
Press ? for a list of commands and other information.
Okay, then.
Unknown command.
Unknown command.
Unknown command.
Unknown command.
Okay, then.
Unknown command.
Okay, then.
Okay, then.
Unknown command.
Unknown command.
Unknown command.
You feel yourself speed up. The liquid fire burns you!
You die...

#........##..#....##...........####
##..##.#..##.)...##........#.......
#.###.##..###h###........##...####
#.# #.##.....zc.......#..###### #.#
#.##..##.#####...##..#
#>###.###.##(####........#
##............○○○E....##.##
...........######e#...##.#
##......).## #@#......#
.......##.#######.##..####
#########.......<.....#
###############


You could see a deep elf pyromancer and a fire elemental (summoned).

Vanquished Creatures
  A centaur warrior (D:10)
  2 two-headed ogres (D:10)
  An elephant (D:10)
  2 gargoyles (D:10)
  An unseen horror (D:10)
  A hornet (D:7)
  A troll (D:9)
  Sigmund (D:3)
  A wraith (D:10)
  2 wyverns
  8 yaks
  A vampire mosquito (D:10)
  3 water moccasins
  2 orc warriors
  3 sky beasts
  A crocodile (Sewer)
  4 centaurs
  An ogre (D:6)
  A phantom (D:5)
  3 kobold brigands
  5 scorpions
  2 bullfrogs
  A weeping skull (Ossuary)
  A gnoll sergeant (D:5)
  A brain worm (Sewer)
  3 wights
  22 killer bees
  3 howler monkeys (D:7)
  8 orc priests
  A bombardier beetle (D:5)
  2 centaur skeletons (Ossuary)
  9 hounds
  Jessica (D:2)
  2 spectral scorpions (Ossuary)
  9 orc wizards
  Robin (D:2)
  10 mummies
  21 gnolls
  5 adders
  2 shadow imps (D:7)
  A white imp (D:7)
  2 ufetubi (D:7)
  A worm (D:4)
  4 dart slugs
  57 orcs
  5 ball pythons
  7 endoplasms
  A giant cockroach (D:1)
  14 goblins
  10 hobgoblins
  26 jackals
  11 kobolds
  5 quokkas
  5 bats
  4 frilled lizards
  3 gnoll skeletons (Ossuary)
  A goblin zombie (D:7)
  2 kobold skeletons (Ossuary)
  An orc skeleton (Ossuary)
  An orc zombie (D:7)
  3 rats (D:3)
  10 spectral rats (Ossuary)
323 creatures vanquished.

Notes
Turn   | Place    | Note
-------+----------+-------------------------------------------
     0 | D:1      | RepHenryClay the Naga Monk began the quest for the Orb.
     0 | D:1      | Reached XP level 1. HP: 21/21 MP: 1/1
   221 | D:1      | Reached skill level 1 in Armour
   221 | D:1      | Reached XP level 2. HP: 23/28 MP: 2/2
   911 | D:2      | Found a faded altar of an unknown god.
   930 | D:2      | Reached XP level 3. HP: 23/34 MP: 3/3
   973 | D:2      | Noticed Jessica
   985 | D:2      | Killed Jessica
   986 | D:2      | Reached skill level 4 in Axes
   992 | D:2      | Reached XP level 4. HP: 32/42 MP: 4/4
   996 | D:2      | Noticed Robin
  1021 | D:2      | Killed Robin
  1140 | D:2      | Identified the +2 hand axe of Dung {freeze, *Slow Fly MP+9
                  | Dex-5}
  1276 | D:2      | Found a shimmering altar of Xom.
  1588 | D:3      | Found Wijoeroesch's Book Emporium.
  1623 | D:3      | Reached XP level 5. HP: 47/49 MP: 5/5
  1800 | D:3      | Found an opulent altar of Gozag.
  1800 | D:3      | Found a glowing silver altar of Zin.
  1868 | D:3      | Noticed Sigmund
  1886 | D:3      | Killed Sigmund
  1887 | D:3      | Reached skill level 5 in Axes
  1887 | D:3      | Reached XP level 6. HP: 56/56 MP: 6/6
  2105 | D:4      | Found a glowing drain.
  2125 | Sewer    | Entered a sewer
  2146 | Sewer    | Reached skill level 6 in Axes
  2189 | Sewer    | Reached XP level 7. HP: 45/62 MP: 7/7
  2717 | D:4      | Reached skill level 7 in Axes
  3186 | D:5      | Entered Level 5 of the Dungeon
  3310 | D:5      | Reached XP level 8. HP: 35/69 MP: 8/8
  3688 | D:5      | Reached skill level 8 in Axes
  4034 | D:5      | Found an ornate altar of the Wu Jian Council.
  4291 | D:6      | Found an iron altar of Okawaru.
  4320 | D:6      | Became a worshipper of Warmaster Okawaru
  4320 | D:6      | Reached * piety under Okawaru
  4320 | D:6      | Reached ** piety under Okawaru
  4376 | D:6      | Reached skill level 9 in Axes
  4525 | D:6      | Found a shimmering altar of Xom.
  4596 | D:6      | Reached skill level 5 in Armour
  4669 | D:6      | Found a runed translucent gate.
  4669 | D:6      | Found a runed translucent gate.
  4672 | D:6      | Found a runed translucent gate.
  4672 | D:6      | Found an opulent altar of Gozag.
  4673 | D:6      | Noticed a manticore
  4673 | D:6      | Noticed bungle's ghost (weakling GnDe)
  4674 | D:6      | Noticed a cyclops
  4929 | D:5      | Found a staircase to the Ecumenical Temple.
  4996 | D:5      | Reached XP level 9. HP: 67/75 MP: 9/9
  5103 | Temple   | Entered the Ecumenical Temple
  5231 | D:5      | Reached skill level 1 in Invocations
  5987 | D:7      | Found a sand-covered staircase.
  5999 | Ossuary  | Entered an ossuary
  6198 | Ossuary  | Reached *** piety under Okawaru
  6471 | Ossuary  | Reached skill level 5 in Invocations
  6826 | D:7      | Noticed a hornet
  6834 | D:7      | Killed a hornet
  6835 | D:7      | Reached skill level 10 in Axes
  7011 | D:7      | Found a shimmering blue altar of Sif Muna.
  7168 | D:7      | Identified the +1 dagger "Demonslayer" {freeze, rElec rF-
                  | Str+3}
  7403 | D:7      | Found a glowing golden altar of the Shining One.
  7499 | D:7      | Found a bloodstained altar of Trog.
  7684 | D:7      | Found a broken altar of Ashenzari.
  7688 | D:7      | Saw a vision of the Swamp and the Spider Nest.
  7688 | D:7      | Noticed an orb spider
  7688 | D:7      | Noticed a torpor snail
  7688 | D:7      | Noticed a wolf spider
  7688 | D:7      | Noticed a thorn hunter
  7688 | D:7      | Noticed a goliath frog
  7688 | D:7      | Noticed a swamp dragon
  7688 | D:7      | Noticed a will-o-the-wisp
  7688 | D:7      | Noticed a tarantella
  7688 | D:7      | Noticed a shambling mangrove
  7688 | D:7      | Noticed a five-headed hydra
  7689 | D:7      | Noticed a tyrant leech
  7690 | D:7      | Noticed a broodmother
  7690 | D:7      | Noticed a wolf spider
  7690 | D:7      | Noticed a broodmother
  7690 | D:7      | Noticed a wolf spider
  7691 | D:7      | Noticed a demonic crawler
  7968 | D:8      | Reached XP level 10. HP: 51/84 MP: 13/13
  8105 | D:8      | Reached skill level 11 in Axes
  8106 | D:8      | Reached **** piety under Okawaru
  9452 | D:9      | Reached skill level 12 in Axes
  9520 | D:9      | Found a sacrificial altar of Ru.
 10868 | D:10     | Entered Level 10 of the Dungeon
 10945 | D:10     | Reached ***** piety under Okawaru
 10974 | D:10     | Reached skill level 13 in Axes
 10974 | D:10     | Reached XP level 11. HP: 49/90 MP: 14/14
 11110 | D:10     | Found a staircase to the Lair.
 11298 | D:10     | Received a gift from Okawaru
 11483 | D:10     | Noticed a two-headed ogre
 11490 | D:10     | Killed a two-headed ogre
 11617 | D:10     | Noticed a two-headed ogre
 11619 | D:10     | Noticed a centaur warrior
 11630 | D:10     | Killed a two-headed ogre
 11632 | D:10     | Noticed a white ugly thing
 11677 | D:10     | Noticed a fire dragon
 11710 | D:10     | Killed a centaur warrior
 11711 | D:10     | Reached skill level 14 in Axes
 11922 | D:10     | Noticed a deep elf pyromancer
 11934 | D:10     | Incinerated by a deep elf pyromancer

Illustrated notes

Levels and vault maps discovered:
D:1:      minmay_arrival_widening_spiral_wide, layout_loops_ring,
          hangedman_glass_garden
D:2:      layout_basic, basic_altar, ebering_ecumenical_altar_rust,
          uniq_jessica, uniq_robin
D:3:      layout_rooms, grunt_temple_overflow_gold_and_silver, serial_shops,
          shop, uniq_sigmund
D:4:      layout_basic, cheibrodos_sewer_entry_bend, kennysheep_path_1
D:5:      lemuel_castle_with_subvaults [lemuel_castle_interior_carwin_2],
          layout_rooms, nicolae_wu_jian_glorious_leap, temple_pool_b,
          st_stairs_10
D:6:      layout_cave_pools, mainiacjoe_overflow_tiny_flanked,
          mainiacjoe_overflow_alcove_4, ebering_ghost_gozag
D:7:      layout_basic, grunt_ashenzari_visionary
          [grunt_ashenzari_visionary_swamp, grunt_ashenzari_visionary_spider],
          nicolae_overflow_hidden_temple, overflow_temple_1_default,
          mainiacjoe_overflow_alcove_2, serial_corexii_hall,
          chequers_hall_statues_wall_a, corexii_hall_statues_i,
          corexii_hall_statues_l, corexii_hall_statues_u,
          nicolae_ossuary_entry_giza
D:8:      layout_gridville
D:9:      layout_stronghold, nicolae_overflow_crystal_walls,
          minmay_misc_feat_cross, chequers_decorated_corner
D:10:     minmay_the_grid_octo_tiled_squarecenter [minmay_the_grid_octo_empty,
          minmay_the_grid_octo_pinwheel, minmay_the_grid_octo_empty,
          minmay_the_grid_octo_empty,
          minmay_the_grid_square_5x5_megaprize_diamond,
          minmay_the_grid_square_5x5_detours,
          minmay_the_grid_square_5x5_broken_cross,
          minmay_the_grid_square_5x5_three_walls,
          minmay_the_grid_square_5x5_inset], layout_loops_ring,
          riverfiend_overflow_shadow_ancestor, grunt_lair_entry_orc_guard_hut,
          chequers_hall_statues_wall_a
Temple:   nicolae_temple_ecumenical_triangle

Skill      XL: |  1  2  3  4  5  6  7  8  9 10 11 |
---------------+----------------------------------+-----
Armour         | 1 2 3 4 5 6 7 8 |  8.3
Axes           | 4 5 6 7 9 10 13 14 | 14.0
Invocations    | 5 |  5.0
Fighting       | 4 |  4.1
Dodging        | |  2.4

Action                     |  1- 3 |  4- 6 |  7- 9 | 10-12 || total
---------------------------+-------+-------+-------+-------++-------
  Melee: Hand axe          |    67 |    54 |       |       ||   121
         War axe           |       |    73 |   353 |   158 ||   584
         Mace              |       |       |   394 |   179 ||   573
         Punch             |       |       |     8 |     9 ||    17
         Flail             |       |       |     2 |    19 ||    21
  Throw: Dart              |       |       |     2 |    25 ||    27
 Invoke: Heroism           |       |       |       |     3 ||     3
Ability: Spit Poison       |       |     2 |     5 |     2 ||     9
  Evoke: Wand              |       |       |       |     4 ||     4
    Use: Scroll            |       |     4 |     8 |     7 ||    19
         Potion            |       |     2 |     4 |     3 ||     9
   Stab: Invisible         |       |     1 |       |     3 ||     4
 Armour: Robe              |     9 |       |       |       ||     9
         Leather armour    |    39 |    20 |       |       ||    59
         Plate armour      |       |    92 |    34 |       ||   126
         Chain mail        |       |       |   157 |       ||   157
         Ring mail         |       |       |   558 |   409 ||   967
  Dodge: Dodged            |    32 |    34 |   401 |   204 ||   671

Table legend: (Time is in decaauts)
 A = Elapsed time spent in this place.
 B = Non-inter-level travel time spent in this place.
 C = Inter-level travel time spent in this place.
 D = Time resting spent in this place.
 E = Time spent auto-exploring this place.
 F = Levels seen in this place.
 G = Mean time per level.
                   A        B        C        D        E       F      G
               +--------+--------+--------+--------+--------+-----+--------+
         Total |  14514 |  13854 |    660 |   1256 |   9682 |  13 | 1116.5 |
       Dungeon |  13354 |  12694 |    660 |   1191 |   8924 |  10 | 1335.4 |
        Temple |     66 |     66 |      0 |     65 |      0 |   1 |   66.0 |
         Sewer |    191 |    191 |      0 |      0 |    127 |   1 |  191.0 |
       Ossuary |    901 |    901 |      0 |      0 |    630 |   1 |  901.0 |
               +--------+--------+--------+--------+--------+-----+--------+

Top non-repeatable levels by time:
     D:9: 2225 daAuts
     D:5: 1906 daAuts
     D:4: 1584 daAuts
     D:7: 1547 daAuts
     D:8: 1371 daAuts
     D:1: 1283 daAuts
     D:6: 1079 daAuts
    D:10: 974 daAuts
 Ossuary: 901 daAuts
     D:2: 745 daAuts
     D:3: 635 daAuts
   Sewer: 191 daAuts
  Temple: 66 daAuts
